Map: Ulrena

Players

Messier - Winner!

  • Race: Protoss Protoss
  • League: Diamond

ILLBdA

  • Race: Protoss Protoss
  • League: Diamond

VOD

Have the link to the VOD?

Description

Time

  • Played on: Dec. 22, 2015, 10:52 a.m.
  • Length: 2:51
Show
View Real Time Build Order
Export as new Build Order

Messier Protoss - Winner!

Build Orders:  

Get SALT Encoding   

  12  0:09  Pylon  
  12  0:13  Probe (Chrono Boost)  
  13  0:23  Probe (Chrono Boost)  
  14  0:30  Gateway  
  14  0:35  Probe (Chrono Boost)  
  15  0:42  Assimilator  
  15  0:46  Probe (Chrono Boost)  
  17  0:57  Probe (Chrono Boost)  
  17  1:07  Probe (Chrono Boost)  
  18  1:18  Zealot (Chrono Boost)  
  20  1:30  Cybernetics Core, Pylon  
  20  1:39  Probe  
  20  1:51  Probe  
  21  1:55  Zealot (Chrono Boost)  
  23  2:07  Probe  
  18  2:18  Zealot (Chrono Boost)  
  18  2:21  Mothership Core (Chrono Boost)  
Show
View Real Time Build Order
Export as new Build Order

ILLBdA Protoss 

Build Orders: Cannon Rush 

Get SALT Encoding   

  12  0:00  Probe (Chrono Boost)  
  13  0:11  Probe (Chrono Boost)  
  14  0:19  Pylon  
  14  0:22  Probe (Chrono Boost)  
  15  0:37  Probe (Chrono Boost)  
  15  0:38  Forge  
  16  0:48  Probe (Chrono Boost)  
  17  0:58  Probe (Chrono Boost)  
  18  1:15  Pylon  
  18  1:16  Pylon  
  18  1:17  Pylon  
  18  1:18  Probe (Chrono Boost)  
  19  1:34  Photon Cannon  
  19  1:38  Photon Cannon  
  19  1:39  Pylon  
  19  1:52  Photon Cannon  
  19  1:55  Pylon  
  19  2:03  Photon Cannon  
  19  2:04  Pylon  
  19  2:13  Photon Cannon  
  19  2:23  Photon Cannon  
  19  2:34  Gateway  
  19  2:35  Pylon  
  19  2:40  Photon Cannon  
  19  2:47  Photon Cannon  
Tags
 
Matchup
PvP
Replay Pack
me
Add a new tag
Caveats
  • Supply blocks, unpowered buildings, or Contaminate may cause inaccurate times.
  • Supply counts are checked every 10 seconds.